 Dungeon Crawl Stone Soup version 0.29.0-13-gc9e81de378 (webtiles) character file.

Game seed: 14577054015945382277

63 gebbletook2 the Trooper (level 4, 0/24 HPs)
             Began as a Vine Stalker Fighter on Sept 11, 2022.
             Slain by a gnoll
             ... wielding a +0 halberd
              (4 damage)
             ... on level 3 of the Dungeon.
             The game lasted 00:02:15 (2325 turns).

gebbletook2 the Trooper (Vine Stalker Fighter)      Turns: 2325, Time: 00:02:15

Health: 0/24       AC:  8    Str: 21    XL:     4   Next: 10%
Magic:  0/5        EV:  9    Int:  8    God:
Gold:   121        SH:  5    Dex: 13    Spells: 3/3 levels left

rFire   . . .      SeeInvis .   a - +1 war axe
rCold   . . .      Faith    .   c - +1 buckler
rNeg    . . .      Spirit   +   b - +0 scale mail
rPois   .          Reflect  .   (no helmet)
rElec   .          Harm     .   n - +1 cloak
rCorr   .          Rampage  .   (no gloves)
Will    .....                   (no boots)
Stlth   ..........              (no amulet)
HPRegen 0.88/turn               (no ring)
MPRegen 0.09/turn               (no ring)

@: no status effects
A: fangs 2, regeneration 1, magic shield, antimagic bite, no potion heal 2
a: no special abilities


You were on level 3 of the Dungeon.
You visited 1 branch of the dungeon, and saw 3 of its levels.

You collected 121 gold pieces.

Inventory:

Hand Weapons
 a - a +1 war axe (weapon)
Missiles
 j - 10 poisoned darts (quivered)
 k - a throwing net
Armour
 b - a +0 scale mail (worn)
 c - a +1 buckler (worn)
 n - a +1 cloak (worn)
Jewellery
 o - a ring of protection from cold
Scrolls
 f - 2 scrolls of teleportation
 i - a scroll of poison {unknown}
 l - a scroll of identify {unknown}
 r - a scroll of vulnerability {unknown}
Potions
 d - a potion of might
 e - a potion of curing {unknown}
 g - a potion of lignification {unknown}
 h - 2 potions of brilliance {unknown}
 m - 2 potions of haste {unknown}
 p - a potion of flight {unknown}
 q - a potion of heal wounds {unknown}


   Skills:
 * Level 3.1 Fighting
 + Level 2.4 Axes
 + Level 2.8 Armour
 * Level 1.0 Dodging
 + Level 2.9 Shields


You had 3 spell levels left.
You didn't know any spells.
Your spell library contained the following spells:

 Spells                   Type           Power      Damage    Failure   Level
 Conjure Flame            Conj/Fire      0%         6-21      99%         3
 Dazzling Flash           Conj/Hex       0%         N/A       99%         3
 Ignite Poison            Fire/Tmut/Pois 0%         N/A       99%         3
 Sticky Flame             Conj/Fire      0%         2d3       100%        4
 Agony                    Necr           0%         N/A       100%        5
 Silence                  Hex/Air        0%         N/A       100%        5


Dungeon Overview and Level Annotations

Branches:
Dungeon (3/15)

Altars:

Shops:
D:2 =


Innate Abilities, Weirdness & Mutations

You have extremely sharp teeth.
Your natural rate of healing is unusually fast.
When hurt, damage is shared between your health and your magic reserves.
Your bite disrupts and absorbs the magic of your enemies.
Potions cannot restore your health.


Message History

The gnoll is almost dead.
You slash the gnoll!
The gnoll is almost dead.
You block the gnoll's attack.
The gnoll hits you from afar with a +0 spear.
The gnoll barely misses you.
You slash the gnoll!
You kill the gnoll!
The gnoll hits you from afar with a +0 spear.
The gnoll hits you from afar with a +0 halberd!
* * * LOW HITPOINT WARNING * * *
The gnoll hits you with a +0 spear.
* * * LOW HITPOINT WARNING * * *
You see here a +0 club.
You hit the gnoll.
You kill the gnoll!
The gnoll hits you but does no damage. x2; The gnoll barely misses you. x2
Your Dodging skill increases to level 1!
You have reached level 4!
You feel stronger.
You begin to heal more quickly.
Unknown command.
There is an escape hatch in the floor here.
You see here a +0 sling.
You miss the bat. Your bite misses the bat. The bat barely misses you.
The gnoll hits you from afar with a +0 halberd!
* * * LOW HITPOINT WARNING * * *
The bat hits you but does no damage.
You hit the bat.
You kill the bat!
The gnoll hits you from afar with a +0 halberd.
* * * LOW HITPOINT WARNING * * *
The gnoll misses you. The gnoll hits you with a +0 halberd.
* * * LOW HITPOINT WARNING * * *
You barely miss the gnoll. Your bite misses the gnoll.
You hit the gnoll but do no damage. The gnoll hits you with a +0 spear.
* * * LOW HITPOINT WARNING * * *
You block the gnoll's attack. The gnoll hits you but does no damage.
The gnoll hits you with a +0 halberd.
You die...

#.# #...>...###..#
#####..#...(.#
#..........#
.#####.#....##..#
.........##...>.#
#######.###.##.##
########.# #.##.# #
.........# #.##.#
#...#######.@###.##.#
#b........|.gg##.##.#
.#..#######...##.##.#
#.. #...##.##.# ..#.
#)..#...#.# #....
#.........#
#.#...###>.##...###
#.....))...###.##
####.#####.# #.#


You could see 2 gnolls.

Vanquished Creatures
  2 gnolls (D:3)
  A worm (D:2)
  2 dart slugs (D:3)
  An orc (D:3)
  5 ball pythons
  4 bats
  3 endoplasms
  2 giant cockroaches
  A goblin (D:3)
  3 hobgoblins
  10 kobolds
  A quokka (D:3)
35 creatures vanquished.

Vanquished Creatures (others)
  6 plants (D:1)
6 creatures vanquished.

Grand Total: 41 creatures vanquished

Notes
Turn   | Place    | Note
-------+----------+-------------------------------------------
     0 | D:1      | gebbletook2 the Vine Stalker Fighter began the quest for
                  | the Orb.
     0 | D:1      | Reached XP level 1. HP: 11/11 MP: 2/2
   203 | D:1      | Found a faded altar of an unknown god.
   331 | D:1      | Reached XP level 2. HP: 5/16 MP: 1/3
  1051 | D:2      | Reached skill level 3 in Fighting
  1209 | D:2      | Found Beevvok's Jewellery Boutique.
  1835 | D:3      | Reached XP level 3. HP: 16/20 MP: 2/4
  2313 | D:3      | Reached skill level 1 in Dodging
  2313 | D:3      | Gained mutation: Your natural rate of healing is unusually
                  | fast. [Vine Stalker growth]
  2313 | D:3      | Reached XP level 4. HP: 5/24 MP: 1/5
  2325 | D:3      | Slain by a gnoll

Illustrated notes

Levels and vault maps discovered:
D:1:      dpeg_arrival_tiny_f, layout_loops_ring, ebering_ecumenical_altar_mist,
          serial_bayou_lake_a
D:2:      layout_loops_ring, serial_shops, nicolae_shop_advertising_works
          [nicolae_subvault_shop_adworks], kennysheep_generic_room_11
D:3:      layout_loops_ring, lemuel_zombie_altar_yredelemnul,
          mainiacjoe_overflow_alcove_2, mainiacjoe_overflow_brackets,
          dreamdust_princess_corridor, chequers_serial_rivers_micro_e,
          minmay_diced_spiral, uniq_jessica, uniq_crazy_yiuf_cottage

Skill      XL: |  1  2  3 |
---------------+----------+-----
Fighting       | 3 |  3.1
Axes           | 2 |  2.4
Dodging        | 1 |  1.0
Armour         | |  2.8
Shields        | |  2.9

Action                   |  1- 3 |  4- 6 || total
-------------------------+-------+-------++-------
Melee: War axe           |    89 |     3 ||    92
       Bite              |    14 |       ||    14
  Use: Scroll            |     7 |       ||     7
Armor: Scale mail        |    38 |     2 ||    40
Dodge: Dodged            |    57 |     2 ||    59
Block: Buckler           |    30 |     1 ||    31
